 Dungeon Crawl Stone Soup version 0.26-a0-163-g6c8a0bf695 (webtiles) character file.

Game seed: 4699624607073358071

221 Gargoyl the Skirmisher (level 5, -9/46 HPs)
             Began as a Centaur Abyssal Knight on July 3, 2020.
             Was a Believer of Lugonu.
             Mangled by a gnoll
             ... wielding a +0 flail
              (11 damage)
             ... on level 3 of the Dungeon.
             The game lasted 00:06:44 (3362 turns).

Gargoyl the Skirmisher (Centaur Abyssal Knight)     Turns: 3362, Time: 00:06:45

Health: -9/46      AC:  9    Str: 15    XL:     5   Next: 65%
Magic:  7/7        EV:  4    Int: 11    God:    Lugonu [**....]
Gold:   152        SH:  0    Dex:  9    Spells: 4/4 levels left

rFire    . . .     SeeInvis .   a - +1 hand axe
rCold    . . .     Faith    .   (no shield)
rNeg     . . .     Spirit   .   e - +1 chain mail
rPois    .         Reflect  .   (no helmet)
rElec    .         Harm     .   (no cloak)
rCorr    .                      (no gloves)
MR       .....                  (no barding)
Stlth    ..........             (no amulet)
HPRegen  0.15/turn              (no ring)
MPRegen  0.10/turn              (no ring)

@: very quick
A: large, hooves 3, deformed body, speed 2, tough skin 3
a: Depart the Abyss, Bend Space, Renounce Religion


You were on level 3 of the Dungeon.
You worshipped Lugonu.
Lugonu was pleased with you.
You were not hungry.

You visited 1 branch of the dungeon, and saw 4 of its levels.
You visited the Abyss 1 time.

You collected 152 gold pieces.

Inventory:

Hand Weapons
 a - a +1 hand axe (weapon)
Armour
 e - a +1 chain mail (worn)
Scrolls
 f - 2 scrolls of identify
 h - a scroll of remove curse
 m - a scroll of enchant armour
Potions
 g - a potion of flight
 j - a potion of stabbing
Comestibles
 b - 5 chunks of flesh
 c - 5 rations


   Skills:
 + Level 3.9 Fighting
 + Level 2.7 Axes
 * Level 2.7 Armour
 * Level 1.6 Dodging
 * Level 2.9 Invocations


You had 4 spell levels left.
You didn't know any spells.
Your spell library was empty.

Dungeon Overview and Level Annotations

Branches:
Dungeon (4/15)
 Temple: D:4-7

Altars:
Okawaru

Annotations:
D:4 Sigmund


Innate Abilities, Weirdness & Mutations

You have hooves in place of feet.
Armour fits poorly on your strangely shaped body.
You cover ground very quickly.
You have extremely tough skin. (AC +3)


Message History

You slash the gnoll!
You kill the gnoll!
Lugonu accepts your kill.
Your chain mail prevents you from hitting the adder.
You hit the hobgoblin but do no damage. x2; The adder bites you.
The hobgoblin hits you but does no damage.
The hobgoblin hits you with a +0 club.
* * * LOW HITPOINT WARNING * * *
The gnoll hits you with a +2 falchion of holy wrath.
* * * LOW HITPOINT WARNING * * *
The hobgoblin hits you with a +0 club.
* * * LOW HITPOINT WARNING * * *
Things that are here:
a scroll of identify; a gnoll corpse Unknown command.
You closely miss the gnoll. Your kick misses the gnoll. You hit the gnoll.
You hit the hobgoblin. You barely miss the hobgoblin.
You closely miss the adder. The adder bites you but does no damage.
The gnoll hits you with a +0 flail!
You die...

*,,,*,,,,,,,,#.#.............#.#
*******,*#####.#.............#.#*
* *,*^.....#.............#..* *
*,**...................##.# *
*,*####......######.....,.. *
*,,....%.....# ####..,.. *
****##.......# #..,.. *
***###...gS..# *,,,,, *
*,,......g@### *,,,,, *
*,,......gg# *,,,,, *
*****,,......ss#** ****** *
*,,,,,,####.<...,* *
***,,,,,,***#.....,*
,,+,,,,,,,,,.......****
***,,,,,,**##......,,,* *,,,,,,*
#...##'#*,* *,,,,,,* *,,,*≈≈≈*,*


You could see 2 gnolls, an adder, 2 giant cockroaches and 2 hobgoblins.

Vanquished Creatures
  An orc priest (D:3)
  Terence (D:2)
  A gnoll (D:3)
  7 adders
  2 worms (D:2)
  2 dart slugs
  2 leopard geckos
  4 orcs
  3 giant cockroaches
  10 goblins
  14 hobgoblins
  3 jackals (D:2)
  8 kobolds
  4 quokkas
  5 bats
  3 frilled lizards
  8 rats
78 creatures vanquished.

Notes
Turn   | Place    | Note
-------+----------+-------------------------------------------
     0 | Abyss:1  | Gargoyl the Centaur Abyssal Knight began the quest for the
                  | Orb.
     0 | Abyss:1  | Reached XP level 1. HP: 19/19 MP: 2/2
    72 | Abyss:1  | Found an ornate altar of the Wu Jian Council.
    87 | Abyss:1  | Noticed a wretched star
    98 | Abyss:1  | Noticed a quasit
   104 | Abyss:1  | Noticed a hell hound
   106 | D:1      | Escaped the Abyss
   407 | D:1      | Reached XP level 2. HP: 26/26 MP: 3/3
   723 | D:1      | Reached * piety under Lugonu
   874 | D:1      | Reached skill level 1 in Dodging
  1344 | D:2      | Reached XP level 3. HP: 30/31 MP: 4/4
  1429 | D:2      | Noticed Terence
  1453 | D:2      | Killed Terence
  1577 | D:2      | Reached XP level 4. HP: 19/39 MP: 5/5
  2400 | D:2      | Found an iron altar of Okawaru.
  2563 | D:2      | Reached ** piety under Lugonu
  2754 | D:3      | Reached XP level 5. HP: 40/46 MP: 7/7
  3055 | D:4      | Noticed Sigmund
  3361 | D:3      | HP: 2/46 [hobgoblin/+0 club (5)]
  3362 | D:3      | Mangled by a gnoll

Illustrated notes

Levels and vault maps discovered:
D:1:      saegor_arrival_simple_e, layout_basic
D:2:      kennysheep_six_static_rooms, layout_rooms,
          kennysheep_okawaru_gauntlet, first_ration, grunt_decor_fettered,
          grunt_ministairs_13, uniq_terence
D:3:      layout_basic, gup_sewer_entry_glass
D:4:      layout_cave_pools, nemelex_dance_club_becter, uniq_sigmund,
          uniq_grinder

Skill      XL: |  1  2  3 |
---------------+----------+-----
Dodging        | 1 |  1.6
Axes           | 2 |  2.7
Armour         | 2 |  2.7
Fighting       | |  3.9
Invocations    | |  2.9

Action                   |  1- 3 |  4- 6 || total
-------------------------+-------+-------++-------
Melee: Hand axe          |   100 |   165 ||   265
       Kick              |    15 |    37 ||    52
Invok: Depart the Abyss  |     1 |       ||     1
  Use: Scroll            |     2 |     6 ||     8
       Potion            |     1 |       ||     1
  Eat: Chunk             |     1 |     5 ||     6
Armor: Chain mail        |    62 |   144 ||   206
Dodge: Dodged            |    23 |    43 ||    66

Table legend:
 A = Non-vault XP
 B = Vault XP
 C = Vault XP percentage of total XP
 D = Non-vault monster count
 E = Vault monster count
 F = Vault count percentage of total count
                 A         B        C        D         E       F
            +---------+---------+-------+---------+---------+-------
      Total |     266 |      50 |  15.8 |      69 |       9 |  11.5
            +---------+---------+-------+---------+---------+-------
        D:1 |      35 |       0 |   0.0 |      21 |       0 |   0.0
        D:2 |     100 |      50 |  33.3 |      28 |       9 |  24.3
        D:3 |     126 |       0 |   0.0 |      18 |       0 |   0.0
        D:4 |       5 |       0 |   0.0 |       2 |       0 |   0.0
            +---------+---------+-------+---------+---------+-------
